 Dungeon Crawl Stone Soup version 0.21.1-1-g345015f (webtiles) character file.

25 Goblin1989 the Grave Robber (level 2, -1/19 HPs)
             Began as a Demonspawn Necromancer on Mar 18, 2018.
             Slain by a goblin (2 damage)
             ... on level 1 of the Dungeon.
             The game lasted 00:04:40 (403 turns).

Goblin1989 the Grave Robber (Demonspawn Necromancer) Turns: 403, Time: 00:04:41

Health: -1/19      AC:  2    Str:  8    XL:     2   Next: 86%
Magic:  1/5        EV: 12    Int: 16    God:
Gold:   9          SH:  0    Dex: 13    Spells: 3/5 levels left

rFire    . . .     SeeInvis .   i - +0 dagger
rCold    . . .     Gourm    .   (no shield)
rNeg     . . .     Faith    .   a - +0 robe
rPois    .         Spirit   .   (helmet restricted)
rElec    .         Reflect  .   (no cloak)
rCorr    .         Harm     .   (no gloves)
MR       .....                  (no boots)
Stlth    ++........             (no amulet)
HPRegen  0.06/turn              (no ring)
MPRegen  0.09/turn              (no ring)

@: no status effects
A: horns 1
a: no special abilities


You were on level 1 of the Dungeon.
You were not hungry.

You visited 1 branch of the dungeon, and saw 1 of its levels.

You collected 9 gold pieces.

Inventory:

Hand Weapons
 i - a +0 dagger (weapon)
Missiles
 g - 19 stones (quivered) {@Q3}
Armour
 a - a +0 robe (worn)
Scrolls
 f - a scroll of fear {unknown}
Potions
 j - a potion of brilliance {unknown}
Books
 b - a book of Necromancy

   Spells                             Type                      Level
   a - Pain                           Necromancy                   1
   b - Animate Skeleton               Necromancy                   1
   c - Vampiric Draining              Necromancy                   3
   d - Regeneration                   Charms/Necromancy            3
   e - Animate Dead                   Necromancy                   4
   f - Borgnjor's Vile Clutch         Necromancy/Earth             5
Comestibles
 e - a ration
 h - 2 chunks of flesh


   Skills:
 - Level 1.7 Dodging
 - Level 1.7 Stealth
 + Level 2.4 Spellcasting
 * Level 5.1 Necromancy


You had 3 spell levels left.
You knew the following spells:

 Your Spells              Type           Power        Failure   Level  Hunger
a - Pain                  Necr           ###.         2%          1    #......
b - Animate Skeleton      Necr           N/A          2%          1    #......


Dungeon Overview and Level Annotations

Branches:
Dungeon (1/15)

Altars:


Innate Abilities, Weirdness & Mutations

You have a pair of small horns on your head.


Message History

Press: ? - help, Shift-Dir - straight line, f - rat
Aim: a rat (chance to defeat MR: 89%)
The rat writhes in agony!
A frilled lizard comes into view.
You take 1 damage, and have 4/19 hp.
You now have 3/5 mp.
Casting: Pain
Confirm with . or Enter, or press ? or * to list all spells.
Aiming: Pain
Press: ? - help, Shift-Dir - straight line, f/p - rat
Aim: a rat (heavily wounded, chance to defeat MR: 89%)
The rat writhes in agony!
You kill the rat!
You take 1 damage, and have 3/19 hp.
You now have 2/5 mp.
Casting: Pain
Confirm with . or Enter, or press ? or * to list all spells.
Aiming: Pain
Press: ? - help, Shift-Dir - straight line, f - dart slug
Aim: a dart slug (chance to defeat MR: 89%)
The dart slug writhes in agony!
A kobold comes into view. It is wielding a dagger.
You take 1 damage, and have 2/19 hp.
You now have 1/5 mp.
Casting: Pain
Confirm with . or Enter, or press ? or * to list all spells.
Aiming: Pain
Press: ? - help, Shift-Dir - straight line, f/p - dart slug
Aim: a dart slug (heavily wounded, chance to defeat MR: 89%)
The dart slug writhes in agony!
You kill the dart slug!
You now have 0/5 mp.
You swap places.
The frilled lizard hisses.
A kobold comes into view.
The frilled lizard bites your rat skeleton.
Your kobold skeleton completely misses the frilled lizard.
Your rat skeleton barely misses the frilled lizard.
The frilled lizard barely misses your rat skeleton.
Your kobold skeleton misses the frilled lizard.
Your rat skeleton bites the frilled lizard.
The frilled lizard dies!
Some of the chunks of flesh in your inventory have rotted away.
Unknown command.
The kobold throws a stone.
The stone hits you.
* * * LOW HITPOINT WARNING * * *
You see here a stone.
You take 1 damage, and have 1/19 hp.
Casting: Pain
Confirm with . or Enter, or press ? or * to list all spells.
Aiming: Pain
Press: ? - help, Shift-Dir - straight line, f - kobold
Aim: a kobold, wielding a dagger (chance to defeat MR: 89%)
The kobold writhes in agony!
You kill the kobold!
You now have 0/5 mp.
You swap places.
A goblin comes into view.
You swap places.
The kobold throws a stone.
The stone closely misses your kobold skeleton.
The stone barely misses you.
You see here a stone.
The kobold throws a stone.
The stone hits your kobold skeleton but does no damage.
The kobold hits your kobold skeleton.
Your kobold skeleton misses the kobold.
The kobold hits your kobold skeleton.
Your kobold skeleton closely misses the kobold.
The kobold hits your kobold skeleton.
Casting: Pain
Confirm with . or Enter, or press ? or * to list all spells.
Aiming: Pain
Press: ? - help, Shift-Dir - straight line, f - goblin
Aim: a goblin, wearing a ring mail (chance to defeat MR: 89%)
The goblin writhes in agony!
The kobold hits your kobold skeleton.
Your kobold skeleton is destroyed!
You now have 0/5 mp.
Your rat skeleton bites the kobold but does no damage.
The kobold hits your rat skeleton.
The kobold completely misses your rat skeleton.
Something hits your rat skeleton.
Casting: Pain
Confirm with . or Enter, or press ? or * to list all spells.
Aiming: Pain
Press: ? - help, Shift-Dir - straight line, f/p - goblin
Aim: a goblin, wearing a ring mail (moderately wounded, chance to defeat MR: 89%)
The goblin barely resists.
You take 1 damage, and have 1/19 hp.
You now have 0/5 mp.
Something hits your rat skeleton.
Casting: Pain
Confirm with . or Enter, or press ? or * to list all spells.
Aiming: Pain
Press: ? - help, Shift-Dir - straight line, f/p - goblin
Aim: a goblin, wearing a ring mail (chance to defeat MR: 89%)
The goblin writhes in agony!
You take 1 damage, and have 1/19 hp.
You now have 0/5 mp.
You see here 5 gold pieces.
Casting: Pain
Confirm with . or Enter, or press ? or * to list all spells.
Aiming: Pain
Press: ? - help, Shift-Dir - straight line, f/p - goblin
Aim: a goblin, wearing a ring mail (chance to defeat MR: 89%)
The goblin writhes in agony!
The goblin hits you.
You die...

█ █..%......█ █
██.███.████ █ ████.█
█.█ █ █...$███.█ █
█.....██.█ █
█....K██.█ █
█......█.█ █
█....█g█.█ █....█@█.█
█.$..█.█.█ █....█...█
█████████████████..█
.........█
█..███████████
██.......█
██>.%........█
█.......█
███████████.█
█.......█ █.█
██.......█████████████


█Z█ You could see a goblin and a kobold.

Vanquished Creatures
  A gnoll (D:1)
  A dart slug (D:1)
  A bat (D:1)
  A giant cockroach (D:1)
  3 goblins (D:1)
  A hobgoblin (D:1)
  2 kobolds (D:1)
  3 rats (D:1)
13 creatures vanquished.

Vanquished Creatures (collateral kills)
  A giant cockroach (D:1)
  A frilled lizard (D:1)
2 creatures vanquished.

Grand Total: 15 creatures vanquished

Notes
Turn   | Place    | Note
-------+----------+-------------------------------------------
     0 | D:1      | Goblin1989 the Demonspawn Necromancer began the quest for the Orb.
     0 | D:1      | Reached XP level 1. HP: 13/13 MP: 3/3
    42 | D:1      | Learned a level 1 spell: Animate Skeleton
   134 | D:1      | Gained mutation: You have a pair of small horns on your head. [demonic ancestry]
   134 | D:1      | Reached XP level 2. HP: 3/19 MP: 0/5
   266 | D:1      | Reached skill level 5 in Necromancy
   403 | D:1      | Slain by a goblin

Skill      XL: |  1  2 |
---------------+-------+-----
Necromancy     | 5 |  5.1
Dodging        | |  1.7
Stealth        | |  1.7
Spellcasting   | |  2.4

Action                   || total
-------------------------++-------
Melee: Dagger            ||    10
       Headbutt          ||     1
 Cast: Pain              ||    25
       Animate Skeleton  ||     5
Armor: Robe              ||     7
Dodge: Dodged            ||     4

Vault maps used:
D:1:      lemuel_arrival_hallway, serial_bayou_pond_b
